Workbook

Sheet Лист1
DS1: Приложение № 2
DS2: к Требованиям к плану финансово-хозяйственной
DS3: деятельности государственного (муниципального) учреждения,
DS4: утв. приказом Минфина России от 28 июля 2010 г. № 81н
A6: Расчеты (обоснования) к плану финансово-хозяйственной деятельности
A8: 1. Расчеты (обоснования) выплат персоналу (строка 210) | DU8: 211 | DV8: 25513532 | DW8: =DV8-DF44 -> -18828304
A10: Код видов расходов | T10: 111
A12: Источник финансового обеспечения | AH12: Субсидия на выполнение муниципального задания
DU13: 213
A14: 1.1. Расчеты (обоснования) расходов на оплату труда
A16: № | E16: Должность, | U16: Установленная | AG16: Среднемесячный размер оплаты труда на одного работника, руб. | CK16: Ежемесячная | CV16: Районный | DF16: Фонд оплаты | DU16: ФОТ в мес.яц (без стимул) | DV16: ФОТ В ГОД БЕЗ СТИМУЛИР | DW16: норма в мес с учетом средней оплаты | DX16: норма в год с учетом средней | DY16: Фонд стимулирующие в год | DZ16: стимулирующ на чел | EA16: 8052075
A17: п/п | E17: группа | U17: численность, | AG17: всего | AU17: в том числе: | CK17: надбавка к | CV17: коэффициент | DF17: труда в год, руб. | EA17: =EA16-#REF! -> #REF!
E18: должностей | U18: единиц | AU18: по | BI18: по выплатам | BW18: по выплатам | CK18: должностному | DF18: (гр. 3×гр. 4×
AU19: должностному | BI19: компенсационного | BW19: стимулирующего | CK19: окладу, % | DF19: (1+гр. 8/100)× | EA19: 2431726
AU20: окладу | BI20: характера | BW20: характера | DF20: гр. 9×12) | EA20: =#REF!*30.2% -> #REF!
A21: 1 | E21: 2 | U21: 3 | AG21: 4 | AU21: 5 | BI21: 6 | BW21: 7 | CK21: 8 | CV21: 9 | DF21: 10
A22: 1 | E22: Директор | U22: 1
A23: 2 | E23: Заместитель директора | U23: 3
A24: 3 | E24: Заместитель директора по АХД | U24: 1
A25: 4 | E25: Советник директора | U25: 0.5
A26: 5 | E26: Социальный пелагог | U26: 1
A27: 6 | E27: Педагог-организатор | U27: 1
A28: 7 | E28: Педагог доп.образования | U28: 2.7
A29: 8 | E29: Педагог - библиотекарь | U29: 1
A30: 9 | E30: Педагог-психолог | U30: 1
A31: 10 | E31: Учитель | U31: 66.89
A32: 11 | E32: Учитель - логопед | U32: 1
A33: 12 | E33: Специалист по обслуживанию компьютерных систем | U33: 0.5
... A43: 22 | E43: Сторож | U43: 4
A44: Итого: | U44: =SUM(U22:AF43) -> 99.09 | AG44: =SUM(AG22:AT43) -> 0 | AU44: х | BI44: х | BW44: =SUM(BW22:CJ43) -> 0 | CK44: х | CV44: х | DF44: 44341836

Sheet Лист2
A1: 1.2. Расчеты (обоснования) выплат персоналу при направлении в служебные командировки
A3: Код видов расходов: | C3: 112/226
A4: Источник финансового обеспечения: | C4: Субсидия на выполнение муниципального задания
A6: № п/п | B6: Наименование расходов | C6: Средний размер выплаты на одного работника в день, руб. | D6: Количество работников, чел. | E6: Количество дней | F6: Сумма | G6: договор | H6: оплата | I6: остаток по проплате | J6: остаток для переброски
A7: 1 | B7: Проезд | I7: =G7-H7 -> 0 | J7: =F7-G7 -> 0
A8: 2 | B8: Проживание | I8: =G8-H8 -> 0 | J8: =F8-G8 -> 0
A9: 3 | B9: Суточные | I9: =G9-H9 -> 0 | J9: =F9-G9 -> 0
I10: =G10-H10 -> 0 | J10: =F10-G10 -> 0
B11: Итого: | F11: =SUM(F7:F10) -> 0 | G11: =SUM(G7:G10) -> 0 | H11: =SUM(H7:H10) -> 0 | I11: =SUM(I7:I10) -> 0 | J11: =SUM(J7:J10) -> 0
A13: 1.3. Расчеты (обоснования) выплат персоналу
A15: Код видов расходов: | C15: 112/214
A16: Источник финансового обеспечения:
A18: № п/п | B18: Наименование расходов | C18: Средний размер выплаты на одного работника в день, руб. | D18: Количество работников, чел. | E18: Количество дней | F18: Сумма | G18: договор | H18: оплата | I18: остаток по проплате | J18: остаток для переброски
A19: 1 | B19: Конпенсация ЖКУ | I19: =G19-H19 -> 0 | J19: =F19-G19 -> 0
I20: =G20-H20 -> 0 | J20: =F22-G20 -> 0
B21: Итого: | F21: =SUM(F19:F20) -> 0 | G21: =SUM(G19:G20) -> 0 | H21: =SUM(H19:H20) -> 0 | I21: =SUM(I19:I20) -> 0 | J21: =SUM(J19:J20) -> 0
A23: 1.4 Расчеты (обоснования) выплат персоналу
A25: Код видов расходов: | C25: 111/211; 119/213
A26: Источник финансового обеспечения
A28: № п/п | B28: Наименование расходов | C28: Численность работников, получающих пособие | D28: Количество выплат в год на одного работника | E28: Размер выплаты (пособия) в месяц, руб. | F28: Сумма выплат | G28: договор | H28: оплата | I28: остаток по проплате | J28: остаток для переброски
A29: 1 | B29: Классное руководство 111/211 ФБ | F29: 4394936.7 | I29: =G29-H29 -> 0 | J29: =F29-G29 -> 4394936.7
A30: 2 | B30: Классное руководство 119/213 ФБ | F30: 1327270.9 | I30: =G30-H30 -> 0 | J30: =F30-G30 -> 1327270.9
A31: 3 | B31: Советник директора 5 111/211 ФБ | F31: 193550.93 | I31: =G31-H31 -> 0 | J31: =F31-G31 -> 193550.93
A32: 4 | B32: Советник директора 5 119/213 ФБ | F32: 58452.38 | I32: =G32-H32 -> 0 | J32: =F32-G32 -> 58452.38
A33: 5 | B33: Советник директора 5 111/211 РБ | F33: 1955.06 | I33: =G33-H33 -> 0 | J33: =F33-G33 -> 1955.06
A34: 6 | B34: Советник директора 5 119/213 РБ | F34: 590.43 | I34: =G34-H34 -> 0 | J34: =F34-G34 -> 590.43
A35: 7 | B35: Советник директора 5 111/211 МБ | F35: 195.7 | I35: =G35-H35 -> 0 | J35: =F35-G35 -> 195.7
A36: 8 | B36: Советник директора 5 119/213 МБ | F36: 59.1 | I36: =G36-H36 -> 0 | J36: =F36-G36 -> 59.1
A37: 9 | B37: Ежемесячное денежное вознаграждение советникам директоров ФБ 111/211 | F37: 60000 | I37: =G37-H37 -> 0 | J37: =F37-G37 -> 60000
A38: 10 | B38: Ежемесячное денежное вознаграждение советникам директоров ФБ 119/213 | F38: 18120 | I38: =G38-H38 -> 0 | J38: =F38-G38 -> 18120
B39: Итого: | F39: =SUM(F29:F38) -> 6055131.2 | G39: =SUM(G29:G38) -> 0 | H39: =SUM(H29:H38) -> 0 | I39: =SUM(I29:I38) -> 0 | J39: =SUM(J29:J38) -> 6055131.2
A41: 1.5 Расчеты (обоснования) страховых взносов на обязательное страхование в Пенсионный
A42: фонд Российской Федерации, в Фонд социального страхования Российской Федерации,
A43: в Федеральный фонд обязательного медицинского страхования
A45: Код видов расходов: | C45: 119
A46: Источник финансового обеспечения: | C46: Субсидия на выполнение муниципального задания
A48: № п/п | B48: Наименование государственного внебюджетного фонда
A49: 1 | B49: Страховые взносы в Пенсионный фонд Российской Федерации, всего
B50: в том числе:
A51: 1.1 | B51: по ставке 22,0 %
A52: 1.2 | B52: по ставке 10,0 %
A53: 1.3 | B53: с применением пониженных тарифов взносов в Пенсионный фонд Российской Федерации для отдельных категорий плательщиков
A54: 2 | B54: Страховые взносы в Фонд социального страхования Российской Федерации, всего
B55: в том числе:
A56: 2.1 | B56: обязательное социальное страхование на случай временной нетрудоспособности и в связи с материнством по ставке 2,9 %
A57: 2.2 | B57: с применением ставки взносов в Фонд социального страхования Российской Федерации по ставке 0,0 %
A58: 2.3 | B58: обязательное социальное страхование от несчастных случаев на производстве и профессиональных заболеваний по ставке 0,2 %
A59: 2.4 | B59: обязательное социальное страхование от несчастных случаев на производстве и профессиональных заболеваний по ставке 0,_ %*
A60: 2.5 | B60: обязательное социальное страхование от несчастных случаев на производстве и профессиональных заболеваний по ставке 0,_ %*
A61: 3 | B61: Страховые взносы в Федеральный фонд обязательного медицинского страхования, всего (по ставке 5,1 %)
B62: Итого: | F62: 13391235
A64: * Указываются страховые тарифы, дифференцированные по классам профессионального риска, установленные
A65: Федеральным законом от 22 декабря 2005 г. № 179-ФЗ «О страховых тарифах на обязательное социальное страхование от
A66: несчастных случаев на производстве и профессиональных заболеваний на 2006 год»
A67: (Собрание законодательства Российской Федерации, 2005, № 52, ст. 5592; 2015, № 51, ст.7233).

Sheet Лист3
A1: 3. Расчет (обоснование) расходов на уплату налогов, сборов и иных платежей
A3: Код видов расходов: | C3: 851
A4: Источник финансового обеспечения: | C4: Субсидия на выполнение муниципального задания
A6: № п/п | B6: Наименование расходов | C6: Налоговая база, руб. | D6: Ставка налога, % | E6: Сумма исчисленного налога, подлежащего уплате, руб. | F6: договор | G6: оплата | H6: остатки по проплатам | I6: остаток для переброски
A7: 1 | B7: Налог на имущество | E7: 101173 | F7: =25498+25430 -> 50928 | G7: =25498+25430 -> 50928 | H7: =F7-G7 -> 0 | I7: =E7-F7 -> 50245
A8: 2 | B8: Земельный налог | E8: 427849 | F8: =106962+106962 -> 213924 | G8: =106962+106962 -> 213924 | H8: =F8-G8 -> 0 | I8: =E8-F8 -> 213925
H9: =F9-G9 -> 0 | I9: =E9-F9 -> 0
B10: Итого: | E10: =SUM(E7:E9) -> 529022 | F10: =SUM(F7:F9) -> 264852 | G10: =SUM(G7:G9) -> 264852 | H10: =SUM(H7:H9) -> 0 | I10: =SUM(I7:I9) -> 264170
A12: 3.1. Расчет (обоснование) расходов на уплату налогов, сборов и иных платежей
A14: Код видов расходов: | C14: 852
A15: Источник финансового обеспечения: | C15: Субсидия на выполнение муниципального задания
A17: № п/п | B17: Наименование расходов | C17: Налоговая база, руб. | D17: Ставка налога, % | E17: Сумма исчисленного налога, подлежащего уплате, руб. | F17: договор | G17: оплата | H17: остатки по проплатам | I17: остаток для переброски
A18: 1 | B18: Госпошлина (852/291) | H18: =F18-G18 -> 0 | I18: =E18-F18 -> 0
A19: 2 | B19: Транспортный налог | H19: =F19-G19 -> 0 | I19: =E19-F19 -> 0
H20: =F20-G20 -> 0 | I20: =E20-F20 -> 0
B21: Итого: | E21: =SUM(E18:E20) -> 0 | F21: =SUM(F18:F20) -> 0 | G21: =SUM(G18:G20) -> 0 | H21: =SUM(H18:H20) -> 0 | I21: =SUM(I18:I20) -> 0
A23: 3.2 Расчет (обоснование) расходов на уплату налогов, сборов и иных платежей
A25: Код видов расходов: | C25: 853
A26: Источник финансового обеспечения: | C26: Субсидия на выполнение муниципального задания
A28: № п/п | B28: Наименование расходов | C28: Налоговая база, руб. | D28: Ставка налога, % | E28: Сумма исчисленного налога, подлежащего уплате, руб. | F28: договор | G28: оплата | H28: остатки по проплатам | I28: остаток для переброски
A29: 1 | B29: Оплата за негативное воздействие на окружающую среду | E29: 500 | H29: =F29-G29 -> 0 | I29: =E29-F29 -> 500
A30: 2 | B30: Пеня | H30: =F30-G30 -> 0 | I30: =E30-F30 -> 0
A31: 3 | B31: Штраф | H31: =F31-G31 -> 0 | I31: =E31-F31 -> 0
H32: =F32-G32 -> 0 | I32: =E32-F32 -> 0
B33: Итого: | E33: =SUM(E29:E32) -> 500 | F33: =SUM(F29:F32) -> 0 | G33: =SUM(G29:G32) -> 0 | H33: =SUM(H29:H32) -> 0 | I33: =SUM(I29:I32) -> 500
A35: Возврат в бюджет средств субсидии
A37: № п/п | B37: Наименование расходов | C37: Налоговая база, руб. | D37: Ставка налога, % | E37: Сумма исчисленного налога, подлежащего уплате, руб.
A38: 1 | B38: Федеральный бюджет | E38: 470497.76
A39: 2 | B39: Республиканский бюджет | E39: 16511.98
A40: 3 | B40: Местный бюджет | E40: 331.8
A41: 4 | B41: Средства во временном распоряжении
B42: Итого: | E42: =SUM(E38:E41) -> 487341.54
A44: 6. Расчет (обоснование) расходов на закупку товаров, работ, услуг в целях капитального ремонта
A46: Код видов расходов: | C46: 243 | D46: "5"
A47: Источник финансового обеспечения: | C47: Субсидии, предоставляемые в соответствии с абзацем вторым
C48: пункта 1 статьи 78.1 БК РФ
A50: Расчет (обоснование) расходов на оплату прочих работ, услуг
A52: № п/п | B52: Наименование расходов | E52: Стоимость | F52: договор | G52: оплата | H52: остатки по проплатам | I52: остаток для переброски
A53: 1 | B53: Капитальный ремонт | H53: =F53-G53 -> 0 | I53: =E53-F53 -> 0
A54: 2 | H54: =F54-G54 -> 0 | I54: =E54-F54 -> 0
B55: Итого: | E55: =SUM(E53:E54) -> 0 | F55: =SUM(F53:F54) -> 0 | G55: =SUM(G53:G54) -> 0 | H55: =SUM(H53:H54) -> 0 | I55: =SUM(I53:I54) -> 0
A57: 6. Расчет (обоснование) расходов на закупку товаров, работ, услуг
A59: Код видов расходов: | C59: 244 | D59: "5"
A60: Источник финансового обеспечения: | C60: Субсидии, предоставляемые в соответствии с абзацем вторым
C61: пункта 1 статьи 78.1 БК РФ
A63: № п/п | B63: Наименование расходов | E63: Стоимость | F63: договор | G63: оплата | H63: остатки по проплатам | I63: остаток для переброски
A64: 1 | B64: Горячее питание ФБ 244/226 | E64: 6828609.6 | F64: =472459.44+554804.44-129663.24+31331.27+1166888.87 -> 2095820.8 | G64: =472459.44+425141.2+507887.88+31331.27+574406.57+84594.42 -> 2095820.8 | H64: =F64-G64 -> 0 | I64: =E64-F64 -> 4732788.8
A65: 2 | B65: Горячее питание РБ 244/226 | E65: 435868.7 | F65: =30156.99+35413.05-8276.38+1999.87+74482.27 -> 133775.8 | G65: =30156.99+27136.67+32418.37+1999.87+36664.25+5399.65 -> 133775.8 | H65: =F65-G65 -> 0 | I65: =E65-F65 -> 302092.9
A66: 3 | B66: Горячее питание МБ 244/226 | E66: 7271.74 | F66: =503.12+590.81-138.08+33.36+1242.61 -> 2231.82 | G66: =503.12+452.73+540.85+33.36+611.68+90.08 -> 2231.82 | H66: =F66-G66 -> 0 | I66: =E66-F66 -> 5039.92
A67: 4 | B67: Питание детей льготных категорий, посещающих лагерь дневного пребывания (М.Б.) | E67: =170384.97-11341.89 -> 159043.08 | F67: 159043.08 | G67: 159043.08 | H67: =F67-G67 -> 0 | I67: =E67-F67 -> 0
B68: Дизель ДГУ "5" | E68: 1368416 | H68: =F68-G68 -> 0 | I68: =E68-F68 -> 1368416 | J68: 1368416
B69: Итого: | E69: =SUM(E64:E68) -> 8799209.1 | F69: =SUM(F64:F68) -> 2390871.5 | G69: =SUM(G64:G68) -> 2390871.5 | H69: =SUM(H64:H68) -> 0 | I69: =SUM(I64:I68) -> 6408337.6
A71: 6.1. Расчет (обоснование) расходов на оплату коммунальных услуг
A73: Код видов расходов: | C73: 244, 247
A74: Источник финансового обеспечения: | C74: Поступления от оказания услуг (выполнения работ) на платной
C75: основе и от иной приносящей доход деятельности
A77: № п/п | B77: Наименование расходов | E77: Сумма | F77: договор | G77: оплата | H77: остатки по проплатам | I77: остаток для переброски
A78: 1 | B78: Возмещение ком.услуг,в т.ч. | E78: =SUM(E79:E81) -> 97955.13
B79: вода в т. ч. остаток 2025 г. | E79: 7082.88 | F79: 7082.88 | G79: 7082.88 | H79: =F79-G79 -> 0 | I79: =E79-F79 -> 0
B80: тепло в т. ч. остаток 2025 г. | H80: =F80-G80 -> 0 | I80: =E80-F80 -> 0
B81: электроэнергия в т. ч. остаток 2025 г. | E81: 90872.25 | F81: 90872.25 | G81: 90872.25 | H81: =F81-G81 -> 0 | I81: =E81-F81 -> 0
A82: 2 | B82: Аренда недвижимого имущества из них | H82: =F82-G82 -> 0 | I82: =E82-F82 -> 0
A83: 3 | B83: Интернет | E83: =3150+3150+3150 -> 9450 | F83: =3150+3150 -> 6300 | G83: =1050+1050+1050+1050+1050+1050 -> 6300 | H83: =F83-G83 -> 0 | I83: =E83-F83 -> 3150
A84: 4 | B84: Макулатура | E84: =8080-3150-3150 -> 1780 | H84: =F84-G84 -> 0 | I84: =E84-F84 -> 1780
A85: 5 | B85: Прочие работы и услуги (питание льгота) | E85: =202590.92+364055.15 -> 566646.07 | F85: =186539+123746.23+256360.84 -> 566646.07 | G85: =186539+123746.23+256360.84 -> 566646.07 | H85: =F85-G85 -> 0 | I85: =E85-F85 -> 0
A86: 6 | B86: Оплата неустойки по претензии | H86: =F86-G86 -> 0 | I86: =E86-F86 -> 0
A87: 7 | B87: Услуги по организации временного трудоустройства несовершеннолетних от 14 до 18 лет в свободное от учебы время | C87: 111/211 | E87: 41830.25 | F87: 41830.25 | G87: 41830.25 | H87: =F87-G87 -> 0 | I87: =E87-F87 -> 0
C88: 119/213 | E88: 12632.74 | F88: 12632.74 | G88: 12632.74 | H88: =F88-G88 -> 0 | I88: =E88-F88 -> 0
A89: 8 | B89: ПЛАТНЫЕ УСЛУГИ | E89: =SUM(E90:E94) -> 150000
B90: 111/211 | E90: 23041.47 | H90: =F90-G90 -> 0 | I90: =E90-F90 -> 23041.47
B91: 119/213 | E91: 6958.53 | H91: =F91-G91 -> 0 | I91: =E91-F91 -> 6958.53
B92: прочие расходы | E92: =120000-3150-12000 -> 104850 | H92: =F92-G92 -> 0 | I92: =E92-F92 -> 104850
B93: Интернет | E93: 3150 | H93: =F93-G93 -> 0 | I93: =E93-F93 -> 3150
B94: Обслуживание ДГУ | E94: 12000 | F94: 12000 | G94: =2000+2000 -> 4000 | H94: =F94-G94 -> 8000 | I94: =E94-F94 -> 0
B95: Остаток прошлого года | E95: =4260-316-3150 -> 794 | H95: =F95-G95 -> 0 | I95: =E95-F95 -> 794
B96: Итого ПДД: | E96: =SUM(E82:E88)+E78+E95 -> 731088.19 | F96: =SUM(F78:F95) -> 737364.19 | G96: =SUM(G78:G95) -> 729364.19 | H96: =SUM(H78:H95) -> 8000 | I96: =SUM(I78:I95) -> 143724
A98: 6. Расчет (обоснование) расходов на закупку товаров, работ, услуг
A100: Код видов расходов: | C100: 244
A101: Источник финансового обеспечения: | C101: Доходы от возмещений затрат Фондом
C102: социального страхования Российской Федерации
A104: № п/п | B104: Наименование расходов | C104: Налоговая база, руб. | D104: Ставка налога, % | E104: Сумма исчисленного налога, подлежащего уплате, руб.
A105: 1 | B105: Средства от возмещения работодателю денежных средств на приобретение товаров, работ, услуг для сотрудничества на предмет меры по сокаращению производственных травм и проффесиональных заболеваний
B107: Итого: | E107: =SUM(E105:E106) -> 0

Sheet Лист4
A1: 6. Расчет (обоснование) расходов на закупку товаров, работ, услуг
A3: Код видов расходов: | C3: 247
A4: Источник финансового обеспечения: | C4: Субсидия на выполнение муниципального задания
A6: 6.1 Расчет (обоснование) расходов на оплату энергетических ресурсов 247/223
A8: № п/п | B8: Наименование расходов | C8: Количество номеров | D8: Количество платежей в год | E8: Стоимость за единицу, руб. | F8: Сумма, руб. (гр. 3×гр. 4×гр.5) | G8: договор | H8: оплата | I8: остатки по договору | J8: остаток для переброски
A9: 1 | B9: Оплата водоснабжения и канализации | F9: 491009.02 | G9: =444240.69-7082.88 -> 437157.81 | H9: =40382.23+48682.07+35211.15+34121.82+39817.05+32806.39+12155.49-7082.88 -> 236093.32 | I9: =G9-H9 -> 201064.49 | J9: =F9-G9 -> 53851.21 | K9: =G9+Лист3!F79 -> 444240.69
A10: 2 | B10: Оплата отопления | F10: =2070647.97-257994.77 -> 1812653.2 | G10: 1478521.4 | H10: =242101.31+248836.78+230507.92+176375.17 -> 897821.18 | I10: =G10-H10 -> 580700.2 | J10: =F10-G10 -> 334131.82
A11: 4 | B11: Оплата потребления электроэнергии | F11: 1156808.6 | G11: =800318.68-90872.25 -> 709446.43 | H11: =124160.92+150231.56+127080.3+123697.91+118394.91+78472.99+32875.79-90872.25 -> 664042.13 | I11: =G11-H11 -> 45404.3 | J11: =F11-G11 -> 447362.21 | K11: =G11+Лист3!F81 -> 800318.68
B12: Итого: | F12: =SUM(F9:F11) -> 3460470.9 | G12: =SUM(G9:G11) -> 2625125.6 | H12: =SUM(H9:H11) -> 1797956.6 | I12: =SUM(I9:I11) -> 827168.99 | J12: =SUM(J9:J11) -> 835345.24
G13: =F12+Лист3!E78 -> 3558426 | H13: =H12+Лист3!G81 -> 1888828.9 | J13: сумма с "2"
A14: Код видов расходов: | C14: 244
A15: Источник финансового обеспечения: | C15: Субсидия на выполнение муниципального задания
A17: 6.2. Расчет (обоснование) расходов на оплату услуг связи 244/221
A19: № п/п | B19: Наименование расходов | C19: Количество номеров | D19: Количество платежей в год | E19: Стоимость за единицу, руб. | F19: Сумма, руб. (гр. 3×гр. 4×гр.5) | G19: договор | H19: оплата | I19: остатки по договору | J19: остаток для переброски
A20: 1 | B20: Абонентская и повременная оплата телефонной связи | F20: 8500 | G20: 8352 | H20: =696+696+696+696+696+696+696 -> 4872 | I20: =G20-H20 -> 3480 | J20: =F20-G20 -> 148
A21: 2 | B21: Расходы за использование сети Интернет | I21: =G21-H21 -> 0 | J21: =F21-G21 -> 0
B22: Итого: | F22: =SUM(F20:F21) -> 8500 | G22: =SUM(G20:G21) -> 8352 | H22: =SUM(H20:H21) -> 4872 | I22: =SUM(I20:I21) -> 3480 | J22: =SUM(J20:J21) -> 148
A24: 6.3. Расчет (обоснование) расходов на оплату коммунальных услуг 244/223
A26: № п/п | B26: Наименование расходов | C26: Количество номеров | D26: Количество платежей в год | E26: Стоимость за единицу, руб. | F26: Сумма, руб. (гр. 3×гр. 4×гр.5) | G26: договор | H26: оплата | I26: остатки по договору | J26: остаток для переброски
A27: 1 | B27: Вывоз ТБО | F27: =151860.11-10000 -> 141860.11 | G27: 116961.11 | H27: =16708.73+16708.73+16708.73+16708.73+16708.73+16745.86 -> 100289.51 | I27: =G27-H27 -> 16671.6 | J27: =F27-G27 -> 24899
I28: =G28-H28 -> 0 | J28: =F28-G28 -> 0
B29: Итого: | F29: =SUM(F27:F28) -> 141860.11 | G29: =SUM(G27:G28) -> 116961.11 | H29: =SUM(H27:H28) -> 100289.51 | I29: =SUM(I27:I28) -> 16671.6 | J29: =SUM(J27:J28) -> 24899
A31: 6.4. Расчет (обоснование) расходов на оплату работ, услуг по содержанию имущества 244/225
A33: № п/п | B33: Наименование расходов | D33: Объект | E33: Количество работ (услуг) | F33: Стоимость работ (услуг), руб. | G33: договор | H33: оплата | I33: остатки по договору | J33: остаток для переброски
A34: 1 | B34: Акарицидная обработка (+контроль) | F34: =5000+2141.88 -> 7141.88 | G34: 7141.88 | H34: 7137 | I34: =G34-H34 -> 4.88 | J34: =F34-G34 -> 0
A35: 2 | B35: Гидравлические испытания | F35: 25000 | G35: 25000 | H35: 25000 | I35: =G35-H35 -> 0 | J35: =F35-G35 -> 0
A36: 3 | B36: Заправка картриджей | F36: 22500 | G36: 22500 | H36: 22500 | I36: =G36-H36 -> 0 | J36: =F36-G36 -> 0
A37: 4 | B37: Замена канализации в подвале | F37: 257994.77 | G37: 257994.77 | H37: 257994.77 | I37: =G37-H37 -> 0 | J37: =F37-G37 -> 0
A38: 5 | B38: Измерение контуров заземления | F38: 12000 | G38: 12000 | H38: 12000 | I38: =G38-H38 -> 0 | J38: =F38-G38 -> 0
A39: 6 | B39: Лабораторные исследования РосПотребнадзор | F39: =55000+24000-4683.7 -> 74316.3 | G39: =54119.2+14676.6+5520.5 -> 74316.3 | H39: =14993.8+7338.3+5520.5 -> 27852.6 | I39: =G39-H39 -> 46463.7 | J39: =F39-G39 -> 0
A40: 7 | B40: Обслуживание ДГУ | I40: =G40-H40 -> 0 | J40: =F40-G40 -> 0
A41: 8 | B41: Поверки дымовых и вент. каналов | F41: =36000-24000 -> 12000 | G41: 12000 | H41: 12000 | I41: =G41-H41 -> 0 | J41: =F41-G41 -> 0
A42: 9 | B42: Поверка теплосчетчика | F42: 31250 | G42: 31250 | H42: 31250 | I42: =G42-H42 -> 0 | J42: =F42-G42 -> 0
A43: 10 | B43: Противопожарные мероприятия | F43: 15000 | G43: =7750+3400 -> 11150 | H43: =7750+3400 -> 11150 | I43: =G43-H43 -> 0 | J43: =F43-G43 -> 3850
A44: 11 | B44: Профдезинфекция | F44: =25000+1474 -> 26474 | G44: 26474 | H44: =8479+8479 -> 16958 | I44: =G44-H44 -> 9516 | J44: =F44-G44 -> 0
A45: 12 | B45: Ремонт оргтехники | F45: 15000 | G45: 15000 | H45: 15000 | I45: =G45-H45 -> 0 | J45: =F45-G45 -> 0
A46: 13 | B46: Техничекое обслуживание пожарной сигнализации | F46: =98000-2000 -> 96000 | G46: 96000 | H46: =8000+8000+8000+8000+8000+8000+8000+8000 -> 64000 | I46: =G46-H46 -> 32000 | J46: =F46-G46 -> 0
A47: 14 | B47: Техничекое обслуживание системы экстренного оповещения | F47: 30000 | G47: 30000 | H47: =2500+2500+2500+2500+2500+2500+2500+2500 -> 20000 | I47: =G47-H47 -> 10000 | J47: =F47-G47 -> 0
A48: 15 | B48: Техническое обслуживание автоматической системы охранной сигнализации | F48: 54000 | G48: 54000 | H48: =4500+4500+4500+4500+4500+4500+4500+4500 -> 36000 | I48: =G48-H48 -> 18000 | J48: =F48-G48 -> 0
A49: 16 | B49: Техническое обслуживание системы видеонаблюдения | F49: =56000-2141.88-1474-784.12 -> 51600 | G49: 51600 | H49: =4300+4300+4300+4300+4300+4300+4300+4300 -> 34400 | I49: =G49-H49 -> 17200 | J49: =F49-G49 -> 0
A50: 17 | B50: Техническое обслуживание тревожной кнопки | F50: =8216.4+1146.36 -> 9362.76 | G50: 9362.76 | H50: =780.23+780.23+780.23+780.23+780.23+780.23+780.23 -> 5461.61 | I50: =G50-H50 -> 3901.15 | J50: =F50-G50 -> 0
A51: 18 | B51: Утилизация | I51: =G51-H51 -> 0 | J51: =F51-G51 -> 0
A52: 19 | B52: Чистка кондиционеров | F52: 28000 | G52: 28000 | H52: 28000 | I52: =G52-H52 -> 0 | J52: =F52-G52 -> 0
A53: 20 | I53: =G53-H53 -> 0 | J53: =F53-G53 -> 0
B54: Итого: | F54: =SUM(F34:F53) -> 767639.71 | G54: =SUM(G34:G53) -> 763789.71 | H54: =SUM(H34:H53) -> 626703.98 | I54: =SUM(I34:I53) -> 137085.73 | J54: =SUM(J34:J53) -> 3850
A56: 6.5. Расчет (обоснование) расходов на оплату прочих работ, услуг 244/226
A58: № п/п | B58: Наименование расходов | D58: Объект | E58: Количество работ (услуг) | F58: Стоимость работ (услуг), руб. | G58: договор | H58: оплата | I58: остатки по договору | J58: остаток для переброски
A59: 1 | B59: Анализы Этеробиоз | F59: =78000-16060-26312.64-28000-1755.88-5871.48 -> 0 | I59: =G59-H59 -> 0 | J59: =F59-G59 -> 0
A60: 2 | B60: Доставка 3-Д принтера | F60: =2064.56+3535.44 -> 5600 | G60: 5600 | H60: 5600 | I60: =G60-H60 -> 0 | J60: =F60-G60 -> 0
A61: 3 | B61: Лицензия на ПО "u Trust.User (ФРДО)" | F61: 2500 | G61: 2500 | H61: 2500 | I61: =G61-H61 -> 0 | J61: =F61-G61 -> 0
A62: 4 | B62: Медицинский осмотр сотрудников | F62: =96000-3535.44-9676.78-11198-15289.78 -> 56300 | G62: 56300 | H62: 56300 | I62: =G62-H62 -> 0 | J62: =F62-G62 -> 0
A63: 5 | B63: Обслуживание сайта учреждения | F63: =19800-19375.29 -> 424.71 | I63: =G63-H63 -> 0 | J63: =F63-G63 -> 424.71
A64: 6 | B64: Оценочные услуги по определению аренды | F64: 10000 | G64: 10000 | H64: 10000 | I64: =G64-H64 -> 0 | J64: =F64-G64 -> 0
A65: 7 | B65: Питание (льгота) 1-4 кл. (обеды) | F65: =1483127+1080000 -> 2563127 | G65: =226285+256679+584500+14696+186539 -> 1268699 | H65: =226285+256679+248496+14696+275884+60120+186539 -> 1268699 | I65: =G65-H65 -> 0 | J65: =F65-G65 -> 1294428 | K65: 3600000 | L65: 1080000
A66: 8 | B66: Питание (льгота) 5-11 кл. (завтраки) | F66: =1446685+1080000 -> 2526685 | G66: =245019.04+263084.96+617487.5+16372.24+187151.64 -> 1329115.4 | H66: =245019.04+263084.96+254334.28+16372.24+297523.12+65630.1+187151.64 -> 1329115.4 | I66: =G66-H66 -> 0 | J66: =F66-G66 -> 1197569.6 | L66: 1080000
A67: 9 | B67: Питание (льгота) 5-11 кл. (обеды) | F67: =1992190+1440000 -> 3432190 | G67: =336825.88+362675.76+850325+22545.76+256360.84 -> 1828733.2 | H67: =336825.88+362675.76+350431.08+22545.76+409710.88+90183.04+256360.84 -> 1828733.2 | I67: =G67-H67 -> 0 | J67: =F67-G67 -> 1603456.8 | L67: 1440000
A68: 10 | B68: Подготовка экологической отчетности | F68: =25000-13000 -> 12000 | G68: =6000+6000 -> 12000 | H68: =6000+6000 -> 12000 | I68: =G68-H68 -> 0 | J68: =F68-G68 -> 0
A69: 11 | B69: Подписка | F69: =26312.64-1127.69 -> 25184.95 | I69: =G69-H69 -> 0 | J69: =F69-G69 -> 25184.95
A70: 12 | B70: Тревожная кнопка | F70: =25628.96-2064.56 -> 23564.4 | G70: 23564.4 | H70: =1963.7+1963.7+1963.7+1963.7+1963.7+1963.7+1963.7+1963.7 -> 15709.6 | I70: =G70-H70 -> 7854.8 | J70: =F70-G70 -> 0
A71: 13 | B71: Услуги видеоконференц-связи | I71: =G71-H71 -> 0 | J71: =F71-G71 -> 0
A72: 14 | B72: Учеба | F72: =30000-2840+4540 -> 31700 | G72: =11700+8000+12000 -> 31700 | H72: =11700+8000+12000 -> 31700 | I72: =G72-H72 -> 0 | J72: =F72-G72 -> 0
A73: 15 | B73: Физическая охрана объекта | F73: =210045+128364.85+124117.5-227.35+360125 -> 822425 | G73: =177550+284750 -> 462300 | H73: =50250+63650+63650+70350+60300 -> 308200 | I73: =G73-H73 -> 154100 | J73: =F73-G73 -> 360125 | K73: 360125
A74: 16 | B74: Физическая охрана объекта на время экзаменов | I74: =G74-H74 -> 0 | J74: =F74-G74 -> 0
A75: 17 | B75: Фильтрация сайта | F75: 43200 | G75: 43200 | H75: =3600+3600+3600+3600+3600+3600+3600+3600 -> 28800 | I75: =G75-H75 -> 14400 | J75: =F75-G75 -> 0
A76: 18 | B76: Юридические услуги | F76: 168000 | G76: 168000 | H76: =14000+14000+14000+14000+14000+14000+14000+14000 -> 112000 | I76: =G76-H76 -> 56000 | J76: =F76-G76 -> 0
A77: 19 | I77: =G77-H77 -> 0 | J77: =F77-G77 -> 0
A78: 20 | B78: Услуги по технической поддержке и консультации пользователей ГОС (республиканский бюджет) | F78: 14400 | G78: 14400 | H78: =3600+3600 -> 7200 | I78: =G78-H78 -> 7200 | J78: =F78-G78 -> 0
B79: Итого МБ: | F79: =SUM(F59:F77) -> 9722901.1 | G79: =SUM(G59:G78) -> 5256112 | H79: =SUM(H59:H77) -> 5009357.2 | I79: =SUM(I59:I77) -> 232354.8 | J79: =SUM(J59:J77) -> 4481189
B80: Итого РБ: | F80: =F78 -> 14400 | G80: =G78 -> 14400 | H80: =H78 -> 7200 | I80: =I78 -> 7200 | J80: =J78 -> 0
A82: 6.6. Расчет (обоснование) расходов на оплату прочих работ, услуг(страхование) 244/227
A84: № п/п | B84: Наименование расходов | F84: Стоимость услуги, руб. | G84: договор | H84: оплата | I84: остатки по договору | J84: остаток для переброски
A85: 1 | B85: Страхование гражданской ответственности | I85: =G85-H85 -> 0 | J85: =F85-G85 -> 0
A86: 2 | B86: Страхование водителя | I86: =G86-H86 -> 0 | J86: =F86-G86 -> 0
A87: 3 | B87: Страхование детей во время перевозок | I87: =G87-H87 -> 0 | J87: =F87-G87 -> 0
A88: 4 | B88: Страхование транспортных средств | I88: =G88-H88 -> 0 | J88: =F88-G88 -> 0
A89: 5 | B89: Страховка ДПД | I89: =G89-H89 -> 0 | J89: =F89-G89 -> 0
B90: Итого: | F90: =SUM(F85:F89) -> 0 | G90: =SUM(G85:G89) -> 0 | H90: =SUM(H85:H89) -> 0 | I90: =SUM(I85:I89) -> 0 | J90: =SUM(J85:J89) -> 0

Sheet Лист5
A2: 6.7. Расчет (обоснование) расходов на приобретение основных средств 244/310
A4: № п/п | B4: Наименование расходов | C4: Количество | D4: Средняя стоимость, руб. | E4: Сумма, руб. (гр. 2×гр. 3) | F4: договор | G4: оплата | H4: остатки по проплатам | I4: остаток для переброски
A5: 1 | B5: Книги (Республиканский бюджет) | E5: =1354000-84292.57-11500-14400-61803.5-61598-7700 -> 1112705.9 | F5: =7840.8+885552.25 -> 893393.05 | G5: =7840.8+885552.25 -> 893393.05 | H5: =F5-G5 -> 0 | I5: =E5-F5 -> 219312.88
A6: 2 | B6: 3-Д принтер (2 шт.) (в том числе остаток 2025) | E6: =52607.43+84292.57+7900 -> 144800 | F6: 144800 | G6: 144800 | H6: =F6-G6 -> 0 | I6: =E6-F6 -> 0
A7: 3 | B7: Принтер Kyocera ECOSYS (для экзаменов) | E7: 61598 | F7: 61598 | G7: 61598 | H7: =F7-G7 -> 0 | I7: =E7-F7 -> 0
A8: 4 | B8: Стенд "Кириллица" | E8: 7700 | F8: 7700 | G8: 7700 | H8: =F8-G8 -> 0 | I8: =E8-F8 -> 0
A9: 5 | B9: Стэнды | E9: 16060 | F9: 16060 | G9: 16060 | H9: =F9-G9 -> 0 | I9: =E9-F9 -> 0
H10: =F10-G10 -> 0 | I10: =E10-F10 -> 0
B11: Итого МБ: | E11: =SUM(E9:E10) -> 16060 | F11: =SUM(F9:F10) -> 16060 | G11: =SUM(G9:G10) -> 16060 | H11: =SUM(H9:H10) -> 0 | I11: =SUM(I9:I10) -> 0
B12: Итого РБ: | E12: =SUM(E5:E8) -> 1326803.9 | F12: =SUM(F5:F7) -> 1099791.1 | G12: =SUM(G5:G7) -> 1099791.1 | H12: =SUM(H5:H7) -> 0 | I12: =SUM(I5:I7) -> 219312.88
A14: 6.8. Расчет (обоснование) расходов на увеличение стоимости лекарственных препаратов и
A15: материалов, применяемых в медицинских целях 244/ 340 | F15: 341
A17: № п/п | B17: Наименование расходов | C17: Количество | D17: Средняя стоимость, руб. | E17: Сумма, руб. (гр. 2×гр. 3) | F17: договор | G17: оплата | H17: остатки по проплатам | I17: остаток для переброски
A18: 1 | B18: Материалы для медицинского кабинета | H18: =F18-G18 -> 0 | I18: =E18-F18 -> 0
H19: =F19-G19 -> 0 | I19: =E19-F19 -> 0
B20: Итого МБ: | E20: =SUM(E18:E19) -> 0 | F20: =SUM(F18:F19) -> 0 | G20: =SUM(G18:G19) -> 0 | H20: =SUM(H18:H19) -> 0 | I20: =SUM(I18:I19) -> 0
A22: 6.9. Увеличение стоимости продуктов питания 244/340 | F22: 342
A24: № п/п | B24: Наименование расходов | C24: Количество | D24: Средняя стоимость, руб. | E24: Сумма, руб. (гр. 2×гр. 3) | F24: договор | G24: оплата | H24: остатки по проплатам | I24: остаток для переброски
A25: 1 | B25: Вода питьевая | H25: =F25-G25 -> 0 | I25: =E25-F25 -> 0
H26: =F26-G26 -> 0 | I26: =E26-F26 -> 0
B27: Итого МБ: | E27: =SUM(E25:E26) -> 0 | F27: =SUM(F25:F26) -> 0 | G27: =SUM(G25:G26) -> 0 | H27: =SUM(H25:H26) -> 0 | I27: =SUM(I25:I26) -> 0
A29: 6.10. Увеличение стоимости горюче-смазочных материалов 244/340 | F29: 343
A31: № п/п | B31: Наименование расходов | C31: Количество | D31: Средняя стоимость, руб. | E31: Сумма, руб. (гр. 2×гр. 3) | F31: договор | G31: оплата | H31: остатки по проплатам | I31: остаток для переброски
A32: 1 | B32: Бензин | H32: =F32-G32 -> 0 | I32: =E32-F32 -> 0
A33: 2 | B33: Дизель для генератора | E33: =14300-2500-11800 -> 0 | H33: =F33-G33 -> 0 | I33: =E33-F33 -> 0
A34: 3 | B34: Масло | H34: =F34-G34 -> 0 | I34: =E34-F34 -> 0
B35: Итого МБ: | E35: =SUM(E32:E34) -> 0 | F35: =SUM(F32:F34) -> 0 | G35: =SUM(G32:G34) -> 0 | H35: =SUM(H32:H34) -> 0 | I35: =SUM(I32:I34) -> 0
A37: 6.11. Расчет (обоснование) расходов на приобретение строительных материалов 244/ 340 | F37: 344
A39: № п/п | B39: Наименование расходов | C39: Количество | D39: Средняя стоимость, руб. | E39: Сумма, руб. (гр. 2×гр. 3) | F39: договор | G39: оплата | H39: остатки по проплатам | I39: остаток для переброски
A40: 1 | B40: Строительные материалы | E40: =97236-1146.36+110195.71+19375.29 -> 225660.64 | F40: =37600+58489.64+67801+61770 -> 225660.64 | G40: =37600+58489.64+67801+61770 -> 225660.64 | H40: =F40-G40 -> 0 | I40: =E40-F40 -> 0
H41: =F41-G41 -> 0 | I41: =E41-F41 -> 0
H42: =F42-G42 -> 0 | I42: =E42-F42 -> 0
B43: Катушки к 3-Д принтеру | E43: 3600 | F43: 3600 | G43: 3600 | H43: =F43-G43 -> 0 | I43: =E43-F43 -> 0
B44: Итого МБ: | E44: =SUM(E40:E41) -> 225660.64 | F44: =SUM(F40:F41) -> 225660.64 | G44: =SUM(G40:G41) -> 225660.64 | H44: =SUM(H40:H41) -> 0 | I44: =SUM(I40:I41) -> 0
B45: Итого РБ: | E45: =E43 -> 3600 | F45: =SUM(F43) -> 3600 | G45: =SUM(G43) -> 3600 | H45: =SUM(H43) -> 0 | I45: =SUM(I43) -> 0
A47: 6.12. Увеличение стоимости мягкого инвентаря 244/ 340 | F47: 345
A49: № п/п | B49: Наименование расходов | C49: Количество | D49: Средняя стоимость, руб. | E49: Сумма, руб. (гр. 2×гр. 3) | F49: договор | G49: оплата | H49: остатки по проплатам | I49: остаток для переброски
A50: 1 | B50: Спецодежда | H50: =F50-G50 -> 0 | I50: =E50-F50 -> 0
H51: =F51-G51 -> 0 | I51: =E51-F51 -> 0
B52: Итого МБ: | E52: =SUM(E50:E51) -> 0 | F52: =SUM(F50:F51) -> 0 | G52: =SUM(G50:G51) -> 0 | H52: =SUM(H50:H51) -> 0 | I52: =SUM(I50:I51) -> 0
A54: 6.13. Расчет (обоснование) расходов на приобретение
A55: прочих оборотных запасов (материалов) 244/ 340 | F55: 346
A57: № п/п | B57: Наименование расходов | C57: Количество | D57: Средняя стоимость, руб. | E57: Сумма, руб. (гр. 2×гр. 3) | F57: договор | G57: оплата | H57: остатки по проплатам | I57: остаток для переброски
A58: 1 | B58: Бумага офисная, анцелярские товары | E58: =48450+39000 -> 87450 | F58: =48450+39000 -> 87450 | G58: =48450+39000 -> 87450 | H58: =F58-G58 -> 0 | I58: =E58-F58 -> 0
A59: 2 | B59: Картриджи для принтера на экзамен | E59: 11198 | F59: 11198 | G59: 11198 | H59: =F59-G59 -> 0 | I59: =E59-F59 -> 0
A60: 3 | B60: Моющие и дезинфицирующие средства | E60: =61600-33523.22 -> 28076.78 | F60: 28076.78 | G60: 28076.78 | H60: =F60-G60 -> 0 | I60: =E60-F60 -> 0
A61: 4 | B61: Хозяйственные товары, хоз. Инвентарь | H61: =F61-G61 -> 0 | I61: =E61-F61 -> 0
B63: Итого МБ: | E63: =SUM(E58:E62) -> 126724.78 | F63: =SUM(F58:F62) -> 126724.78 | G63: =SUM(G58:G62) -> 126724.78 | H63: =SUM(H58:H62) -> 0 | I63: =SUM(I58:I62) -> 0
A65: 6.14. Расчет (обоснование) расходов на приобретение прочих материальных запасов
A66: однократного применения 244/ 340 | F66: 349
A68: № п/п | B68: Наименование расходов | C68: Количество | D68: Средняя стоимость, руб. | E68: Сумма, руб. (гр. 2×гр. 3) | F68: договор | G68: оплата | H68: остатки по проплатам | I68: остаток для переброски
A69: 1 | B69: Журнально-бланочная продукция | H69: =F69-G69 -> 0 | I69: =E69-F69 -> 0
A70: 2 | B70: Личная карточка обучающегося | H70: =F70-G70 -> 0 | I70: =E70-F70 -> 0
A71: 3 | B71: Похвальные листы, грамоты | E71: 15840 | F71: 15840 | G71: 15840 | H71: =F71-G71 -> 0 | I71: =E71-F71 -> 0
A72: 4 | B72: Аттестаты (республиканский бюджет) | E72: 61803.5 | F72: 61803.5 | G72: 61803.5 | H72: =F72-G72 -> 0 | I72: =E72-F72 -> 0
A73: 5 | B73: Медали,удостоверения (республиканский бюджет) | H73: =F73-G73 -> 0 | I73: =E73-F73 -> 0
B74: Итого МБ: | E74: =SUM(E69:E71) -> 15840 | F74: =SUM(F69:F71) -> 15840 | G74: =SUM(G69:G71) -> 15840 | H74: =SUM(H69:H71) -> 0 | I74: =SUM(I69:I71) -> 0
B75: Итого РБ: | E75: =SUM(E72:E73) -> 61803.5 | F75: =SUM(F72:F73) -> 61803.5 | G75: =SUM(G72:G73) -> 61803.5 | H75: =SUM(H72:H73) -> 0 | I75: =SUM(I72:I73) -> 0
B76: Итого на выполнение муниципального задания: | E76: =E77+E78 -> 74154857
B77: в том числе за счет субвенции: | E77: =Лист1!DF44+Лист2!F62+Лист4!F80+E12+E75+E45 -> 59139678
B78: в том числе за счет муниципального бюджета: | E78: =Лист2!F11+Лист3!E10+Лист3!E21+Лист3!E33+Лист4!F12+Лист4!F22+Лист4!F29+Лист4!F54+Лист4!F79+Лист4!F90+E11+E20+E27+E35+E44+E52+E63+E74 -> 15015179
B79: Итого субсидии на иные цели: | E79: =Лист2!F21+Лист2!F39+Лист3!E42+Лист3!E69+Лист3!E55 -> 15341682
B80: Итого по ПУ: | E80: =Лист3!E89 -> 150000
B81: Итого по ПДД: | E81: =Лист3!E96+Лист3!E107 -> 731088.19
B82: ВСЕГО | E82: =E76+E79+E81+E80 -> 90377627 | F82: =E74+E63+E52+E44+E35+E27+E20 -> 368225.42 | G82: 340
B85: Директор | D85: Г.А. Палий
D87: 46265

Sheet Коммуналка
B2: Потребление электроэнергии за 2026 год | I2: Потребление отопления за 2026 год | P2: Потребление водоснабжения и водоотведения за 2026 год
B4: месяц | C4: тариф | D4: кВт | E4: цена,руб. | F4: НДС,руб | G4: цена с НДС,руб | I4: месяц | J4: тариф | K4: гКал | L4: цена,руб. | M4: НДС,руб. | N4: цена с НДС,руб. | P4: месяц | Q4: тариф | R4: м3 | S4: превышение НССВ, м3 | T4: превышение НССВ, руб. | U4: негативное возд-е | V4: НДС,руб. | W4: цена,руб. | X4: цена с НДС,руб.
B5: январь | C5: 8.72835 | D5: 11825 | E5: =C5*D5 -> 103212.74 | F5: =E5*22% -> 22706.803 | G5: =E5+F5 -> 125919.54 | I5: январь | J5: 3239.95 | K5: 61.249 | L5: =K5*J5 -> 198443.7 | M5: =L5*22% -> 43657.613 | N5: =L5+M5 -> 242101.31 | P5: январь | Q5: =54.83+47.89 -> 102.72 | R5: 222 | S5: 104 | T5: =S5*47.89 -> 4980.56 | U5: =R5/2*47.89 -> 5315.79 | V5: =W5*22%+U5*22%+T5*22% -> 7282.0418 | W5: =Q5*R5 -> 22803.84 | X5: =V5+W5+U5+T5 -> 40382.232
B6: февраль | C6: 8.87436 | D6: 13876 | E6: =C6*D6 -> 123140.62 | F6: =E6*22% -> 27090.936 | G6: =E6+F6 -> 150231.56 | I6: февраль | J6: 3239.95 | K6: 62.953 | L6: =K6*J6 -> 203964.57 | M6: =L6*22% -> 44872.206 | N6: =L6+M6 -> 248836.78 | P6: февраль | Q6: =54.83+47.89 -> 102.72 | R6: 250 | S6: 172 | T6: =S6*47.89 -> 8237.08 | U6: =R6/2*47.89 -> 5986.25 | V6: =W6*22%+U6*22%+T6*22% -> 8778.7326 | W6: =Q6*R6 -> 25680 | X6: =V6+W6+U6+T6+0.01 -> 48682.073
B7: март | C7: 8.80881 | D7: 11825 | E7: =C7*D7 -> 104164.18 | F7: =E7*22% -> 22916.119 | G7: =E7+F7 -> 127080.3 | I7: март | J7: 3239.95 | K7: 58.316 | L7: =K7*J7 -> 188940.92 | M7: =L7*22% -> 41567.003 | N7: =L7+M7-0.01 -> 230507.92 | P7: март | Q7: =54.83+47.89 -> 102.72 | R7: 184 | S7: 116 | T7: =S7*47.89 -> 5555.24 | U7: =R7/2*47.89 -> 4405.88 | V7: =W7*22%+U7*22%+T7*22% -> 6349.552 | W7: =Q7*R7 -> 18900.48 | X7: =V7+W7+U7+T7 -> 35211.152
B8: апрель | C8: 8.72187 | D8: 11625 | E8: =C8*D8 -> 101391.74 | F8: =E8*22% -> 22306.183 | G8: =E8+F8-0.01 -> 123697.91 | I8: апрель | J8: 3239.95 | K8: 44.621 | L8: =K8*J8 -> 144569.81 | M8: =L8*22% -> 31805.358 | N8: =L8+M8 -> 176375.17 | P8: апрель | Q8: =54.83+47.89 -> 102.72 | R8: 183 | S8: 100 | T8: =S8*47.89 -> 4789 | U8: =R8/2*47.89 -> 4381.935 | V8: =W8*22%+U8*22%+T8*22% -> 6153.1129 | W8: =Q8*R8 -> 18797.76 | X8: =V8+W8+U8+T8+0.01 -> 34121.818
B9: май | C9: 8.0743 | D9: 12019 | E9: =C9*D9 -> 97045.012 | F9: =E9*22% -> 21349.903 | G9: =E9+F9 -> 118394.91 | I9: май | J9: 3239.95 | L9: =K9*J9 -> 0 | M9: =L9*22% -> 0 | N9: =L9+M9 -> 0 | P9: май | Q9: =54.83+47.89 -> 102.72 | R9: 207 | S9: 134 | T9: =S9*47.89 -> 6417.26 | U9: =R9/2*47.89 -> 4956.615 | V9: =W9*22%+U9*22%+T9*22% -> 7180.1213 | W9: =Q9*R9 -> 21263.04 | X9: =V9+W9+U9+T9+0.01 -> 39817.046
B10: июнь | C10: 8.48241 | D10: 7583 | E10: =C10*D10 -> 64322.115 | F10: =E10*22% -> 14150.865 | G10: =E10+F10+0.01 -> 78472.99 | I10: июнь | J10: 3239.95 | L10: =K10*J10 -> 0 | M10: =L10*22% -> 0 | N10: =L10+M10 -> 0 | P10: июнь | Q10: =54.83+47.89 -> 102.72 | R10: 176 | S10: 96 | T10: =S10*47.89 -> 4597.44 | U10: =R10/2*47.89 -> 4214.32 | V10: =W10*22%+U10*22%+T10*22% -> 5915.9056 | W10: =Q10*R10 -> 18078.72 | X10: =V10+W10+U10+T10 -> 32806.386
B11: июль | E11: =C11*D11 -> 0 | F11: =E11*22% -> 0 | G11: =E11+F11 -> 0 | I11: июль | J11: 3239.95 | L11: =K11*J11 -> 0 | M11: =L11*22% -> 0 | N11: =L11+M11 -> 0 | P11: июль | Q11: =54.83+47.89 -> 102.72 | R11: 59 | S11: 52 | T11: =S11*47.89 -> 2490.28 | U11: =R11/2*47.89 -> 1412.755 | V11: =W11*22%+U11*22%+T11*22% -> 2191.9733 | W11: =Q11*R11 -> 6060.48 | X11: =V11+W11+U11+T11 -> 12155.488
B12: август | E12: =C12*D12 -> 0 | F12: =E12*22% -> 0 | G12: =E12+F12 -> 0 | I12: август | J12: 3239.95 | L12: =K12*J12 -> 0 | M12: =L12*22% -> 0 | N12: =L12+M12 -> 0 | P12: август | Q12: =54.83+47.89 -> 102.72 | T12: =S12*47.89 -> 0 | U12: =R12/2*47.89 -> 0 | V12: =W12*22%+U12*22%+T12*22% -> 0 | W12: =Q12*R12 -> 0 | X12: =V12+W12+U12+T12 -> 0
B13: сентябрь | E13: =C13*D13 -> 0 | F13: =E13*22% -> 0 | G13: =E13+F13 -> 0 | I13: сентябрь | J13: 3239.95 | L13: =K13*J13 -> 0 | M13: =L13*22% -> 0 | N13: =L13+M13 -> 0 | P13: сентябрь | Q13: =54.83+47.89 -> 102.72 | T13: =S13*47.89 -> 0 | U13: =R13/2*47.89 -> 0 | V13: =W13*22%+U13*22%+T13*22% -> 0 | W13: =Q13*R13 -> 0 | X13: =V13+W13+U13+T13 -> 0
B14: октябрь | E14: =C14*D14 -> 0 | F14: =E14*22% -> 0 | G14: =E14+F14 -> 0 | I14: октябрь | J14: 3239.95 | L14: =K14*J14 -> 0 | M14: =L14*22% -> 0 | N14: =L14+M14 -> 0 | P14: октябрь | Q14: =54.83+47.89 -> 102.72 | T14: =S14*47.89 -> 0 | U14: =R14/2*47.89 -> 0 | V14: =W14*22%+U14*22%+T14*22% -> 0 | W14: =Q14*R14 -> 0 | X14: =V14+W14+U14+T14 -> 0
B15: ноябрь | E15: =C15*D15 -> 0 | F15: =E15*22% -> 0 | G15: =E15+F15 -> 0 | I15: ноябрь | J15: 3239.95 | L15: =K15*J15 -> 0 | M15: =L15*22% -> 0 | N15: =L15+M15 -> 0 | P15: ноябрь | Q15: =54.83+47.89 -> 102.72 | T15: =S15*47.89 -> 0 | U15: =R15/2*47.89 -> 0 | V15: =W15*22%+U15*22%+T15*22% -> 0 | W15: =Q15*R15 -> 0 | X15: =V15+W15+U15+T15 -> 0
B16: декабрь | E16: =C16*D16 -> 0 | F16: =E16*22% -> 0 | G16: =E16+F16 -> 0 | I16: декабрь | J16: 3239.95 | L16: =K16*J16 -> 0 | M16: =L16*22% -> 0 | N16: =L16+M16 -> 0 | P16: декабрь | Q16: =54.83+47.89 -> 102.72 | T16: =S16*47.89 -> 0 | U16: =R16/2*47.89 -> 0 | V16: =W16*22%+U16*22%+T16*22% -> 0 | W16: =Q16*R16 -> 0 | X16: =V16+W16+U16+T16 -> 0
B18: Итого: | D18: =SUM(D5:D16) -> 68753 | E18: =SUM(E5:E16) -> 593276.4 | F18: =SUM(F5:F16) -> 130520.81 | G18: =SUM(G5:G16) -> 723797.21 | I18: Итого: | K18: =SUM(K5:K16) -> 227.139 | L18: =SUM(L5:L16) -> 735919 | M18: =SUM(M5:M16) -> 161902.18 | N18: =SUM(N5:N16) -> 897821.17 | P18: Итого | R18: =SUM(R5:R16) -> 1281 | S18: =SUM(S5:S16) -> 774 | T18: =SUM(T5:T16) -> 37066.86 | U18: =SUM(U5:U16) -> 30673.545 | V18: =SUM(V5:V16) -> 43851.44 | W18: =SUM(W5:W16) -> 131584.32 | X18: =SUM(X5:X16) -> 243176.19
B19: 2025 | I19: 2025 | P19: 2025
B21: Потребление ТКО за 2026 год
B23: месяц | C23: тариф | D23: м3 | E23: цена,руб.
B24: январь | C24: 742.61 | D24: 22.5 | E24: =C24*D24 -> 16708.725
B25: февраль | C25: 742.61 | D25: 22.5 | E25: =C25*D25 -> 16708.725
B26: март | C26: 742.61 | D26: 22.5 | E26: =C26*D26 -> 16708.725
B27: апрель | C27: 742.61 | D27: 22.5 | E27: =C27*D27 -> 16708.725
B28: май | C28: 742.61 | D28: 22.5 | E28: =C28*D28 -> 16708.725
B29: июнь | C29: 742.61 | D29: 22.55 | E29: =C29*D29 -> 16745.856
B30: июль | C30: 742.61 | E30: =C30*D30 -> 0
B31: август | C31: 742.61 | E31: =C31*D31 -> 0
B32: сентябрь | C32: 742.61 | E32: =C32*D32 -> 0
B33: октябрь | C33: 742.61 | E33: =C33*D33 -> 0
B34: ноябрь | C34: 742.61 | E34: =C34*D34 -> 0
B35: декабрь | C35: 742.61 | E35: =C35*D35 -> 0
B37: Итого | D37: =SUM(D24:D35) -> 135.05 | E37: =SUM(E24:E35) -> 100289.48
B38: 2025

Sheet Обязательные платежи
B2: № | C2: Контрагент | D2: № | E2: Сумма план | F2: Сумма факт | G2: Январь | H2: Февраль | I2: Март | J2: Апрель | K2: Май | L2: Июнь | M2: Июль | N2: Август | O2: Сентябрь | P2: Октябрь | Q2: Ноябрь | R2: Декабрь | S2: Остаток
B4: 1 | C4: АЛЬТФАТЕР КРЫМ ООО | D4: 21098-26 | E4: 116961.11 | F4: =SUM(G4:R4) -> 100289.51 | G4: 16708.73 | H4: 16708.73 | I4: 16708.73 | J4: 16708.73 | K4: 16708.73 | L4: 16745.86 | S4: =E4-F4 -> 16671.6
B5: 2 | C5: ГУП РК "Крымтеплокоммунэнерго" | D5: 32-1-ГУП/Б/140 | E5: 1478521.4 | F5: =SUM(G5:R5) -> 897821.18 | G5: 242101.31 | H5: =79054.78+169782 -> 248836.78 | I5: =59291.09+171216.83 -> 230507.92 | J5: 176375.17 | S5: =E5-F5 -> 580700.2
B6: 3 | C6: ГУП РК «ВОДА КРЫМА» | D6: 01/01-2026 | E6: 444240.69 | F6: =SUM(G6:R6) -> 243176.2 | G6: =27820.69+6485.26+6076.28 -> 40382.23 | H6: =31329.6+10049.24+7303.23 -> 48682.07 | I6: =23058.59+6777.39+5375.17 -> 35211.15 | J6: =22933.27+5842.58+5345.97 -> 34121.82 | K6: =25940.91+7829.06+6047.08 -> 39817.05 | L6: =22056.04+5608.88+5141.47 -> 32806.39 | M6: =7393.78+3038.14+1723.57 -> 12155.49 | S6: =E6-F6 -> 201064.49
B7: 4 | C7: ИП Севров Дмитрий Владимирович | E7: 168000 | F7: =SUM(G7:R7) -> 112000 | G7: 14000 | H7: 14000 | I7: 14000 | J7: 14000 | K7: 14000 | L7: 14000 | M7: 14000 | N7: 14000 | S7: =E7-F7 -> 56000
B8: 5 | C8: ИП Матохин Михаил Иванович | D8: 08/ТО | E8: 30000 | F8: =SUM(G8:R8) -> 20000 | G8: 2500 | H8: 2500 | I8: 2500 | J8: 2500 | K8: 2500 | L8: 2500 | M8: 2500 | N8: 2500 | S8: =E8-F8 -> 10000
B9: 6 | C9: ИП Матохин Михаил Иванович | D9: 09/ТО | E9: 96000 | F9: =SUM(G9:R9) -> 64000 | G9: 8000 | H9: 8000 | I9: 8000 | J9: 8000 | K9: 8000 | L9: 8000 | M9: 8000 | N9: 8000 | S9: =E9-F9 -> 32000
B10: 7 | C10: ИП Матохин Михаил Иванович | D10: 10/ТО | E10: 51600 | F10: =SUM(G10:R10) -> 34400 | G10: 4300 | H10: 4300 | I10: 4300 | J10: 4300 | K10: 4300 | L10: 4300 | M10: 4300 | N10: 4300 | S10: =E10-F10 -> 17200
B11: 8 | C11: ИП Матохин Михаил Иванович | D11: 11/ТО | E11: 54000 | F11: =SUM(G11:R11) -> 36000 | G11: 4500 | H11: 4500 | I11: 4500 | J11: 4500 | K11: 4500 | L11: 4500 | M11: 4500 | N11: 4500 | S11: =E11-F11 -> 18000
B12: 9 | C12: ИП Рудакова Мария Юрьевна | D12: Ю0099/26 | E12: 43200 | F12: =SUM(G12:R12) -> 28800 | G12: 3600 | H12: 3600 | I12: 3600 | J12: 3600 | K12: 3600 | L12: 3600 | M12: 3600 | N12: 3600 | S12: =E12-F12 -> 14400
B13: 10 | C13: КРЫМТЕЛЕКОМ АО | D13: КТТ1332 | E13: 8352 | F13: =SUM(G13:R13) -> 4872 | G13: 696 | H13: 696 | I13: 696 | J13: 696 | K13: 696 | L13: 696 | M13: 696 | S13: =E13-F13 -> 3480
B14: 11 | C14: КРЫМЭНЕРГО ГУП РК | D14: 3403 | E14: 800318.68 | F14: =SUM(G14:R14) -> 783285.61 | G14: =125919.54-1758.62 -> 124160.92 | H14: =37671.98+50367.82+62191.76 -> 150231.56 | I14: =44330.07+60088.29+22661.94 -> 127080.3 | J14: =38413.2+50822.88+34461.83 -> 123697.91 | K14: =37484.66+49479.17+31431.08 -> 118394.91 | L14: =38370.29+47361.9 -> 85732.19 | M14: =31387.12 -> 31387.12 | N14: =9448.22+13152.48 -> 22600.7 | S14: =E14-F14 -> 17033.07 | T14: ПЕРЕПЛАТА 1758,62
B15: 12 | C15: КУБАНЬ-ОХРАНА ООО ЧОО | D15: 10/26-А | E15: 177550 | F15: =SUM(G15:R15) -> 177550 | G15: 50250 | H15: 63650 | I15: 63650 | S15: =E15-F15 -> 0
B16: 12 | C16: КУБАНЬ-ОХРАНА ООО ЧОО | D16: 10-2/26-А | E16: 284750 | F16: =SUM(G16:R16) -> 130650 | J16: 70350 | K16: 60300 | S16: =E16-F16 -> 154100
B17: 13 | C17: ТРК АМОС ООО | D17: 1 | E17: 3150 | F17: =SUM(G17:R17) -> 3150 | G17: 1050 | H17: 1050 | I17: 1050 | S17: =E17-F17 -> 0
B18: 14 | C18: ТРК АМОС ООО | D18: 2 | E18: 3150 | F18: =SUM(G18:R18) -> 3150 | J18: 1050 | K18: 1050 | L18: 1050 | S18: =E18-F18 -> 0
B19: 15 | C19: УФК по Республике Крым ФБУЗ " ЦГиЭ | D19: 26 | E19: 26474 | F19: =SUM(G19:R19) -> 16958 | I19: 8479 | L19: 8479 | S19: =E19-F19 -> 9516
B20: 16 | C20: УФК по Республике Крым ФБУЗ " ЦГиЭ | D20: 27 | E20: 7141.88 | F20: =SUM(G20:R20) -> 7137 | L20: 7137 | S20: =E20-F20 -> 4.88
B21: 17 | C21: УФК по Республике Крым ФБУЗ " ЦГиЭ | D21: 32 | E21: 54119.2 | F21: =SUM(G21:R21) -> 14993.8 | I21: 14993.8 | S21: =E21-F21 -> 39125.4
B22: 18 | C22: УФК по Республике Крым ФБУЗ " ЦГиЭ | D22: 33 | E22: 14676.6 | F22: =SUM(G22:R22) -> 7338.3 | I22: 7338.3 | S22: =E22-F22 -> 7338.3
B23: 19 | C23: ОХРАНА РОСГВАРДИИ ФГУП | D23: 83110625006 | E23: 9362.76 | F23: =SUM(G23:R23) -> 5461.61 | G23: 780.23 | H23: 780.23 | I23: 780.23 | J23: 780.23 | K23: 780.23 | L23: 780.23 | M23: 780.23 | S23: =E23-F23 -> 3901.15
B24: 20 | C24: ИП Шитов Евгений Александрович (Р.Б.) | D24: 26150-ТП | E24: 14400 | F24: =SUM(G24:R24) -> 7200 | I24: 3600 | L24: 3600 | S24: =E24-F24 -> 7200
B25: 21 | C25: ФГКУ "УВО ВНГ России по Республике Крым" | D25: РК-ЯА06-7307 | E25: 23564.4 | F25: =SUM(G25:R25) -> 15709.6 | G25: 1963.7 | H25: 1963.7 | I25: 1963.7 | J25: 1963.7 | K25: 1963.7 | L25: 1963.7 | M25: 1963.7 | N25: 1963.7 | S25: =E25-F25 -> 7854.8
